 Dungeon Crawl Stone Soup version 0.20-a0-507-gc86f373 (webtiles) character file.

93 Klosterheim the Skirmisher (level 4, -2/37 HPs)
             Began as a Demonspawn Fighter on Jan 21, 2017.
             Was an Initiate of Makhleb.
             Killed by nerve-wracking pain
             ... invoked by an orc priest
              (11 damage)
             ... on level 3 of the Dungeon.
             The game lasted 00:04:47 (2068 turns).

Klosterheim the Skirmisher (Demonspawn Fighter)     Turns: 2068, Time: 00:04:48

Health: -2/37      AC:  7    Str: 17    XL:     4   Next: 36%
Magic:  4/4        EV:  7    Int: 10    God:    Makhleb [......]
Gold:   91         SH:  8    Dex: 12    Spells: 3/3 levels left

rFire    + . .     SeeInvis .   a - +0 war axe
rCold    . . .     Gourm    .   b - +0 scale mail
rNeg     . . .     Faith    .   c - +0 shield
rPois    .         Spirit   .   (no helmet)
rElec    .         Reflect  .   (no cloak)
rCorr    .         Harm     .   m - +0 pair of gloves
MR       .....                  (no boots)
Stlth    ..........             (no amulet)
Regen    0.2/turn               (no ring)
                                (no ring)

@: no status effects
A: fire resistance 1, sturdy frame 1
a: Renounce Religion


You were on level 3 of the Dungeon.
You worshipped Makhleb.
Makhleb was noncommittal.
You were not hungry.

You visited 1 branch of the dungeon, and saw 3 of its levels.

You collected 91 gold pieces.

Inventory:

Hand Weapons
 a - a +0 war axe (weapon)
Armour
 b - a +0 scale mail (worn)
 c - a +0 shield (worn)
 m - a +0 pair of gloves (worn)
Wands
 n - a wand of lightning (0/15)
Scrolls
 e - 5 scrolls of identify {unknown}
 h - 3 scrolls of teleportation {unknown}
 i - a scroll of magic mapping {unknown}
 k - a scroll of remove curse {unknown}
 l - a scroll of enchant armour {unknown}
 o - a scroll of fear {unknown}
Potions
 d - a potion of might
Comestibles
 f - 2 bread rations
 j - a royal jelly


   Skills:
 + Level 3.8 Fighting
 * Level 3.6 Axes
 - Level 2.6 Armour
 - Level 2.6 Shields


You had 3 spell levels left.
You didn't know any spells.

Dungeon Overview and Level Annotations

Branches:
Dungeon (3/15)

Altars:
Makhleb


Innate Abilities, Weirdness & Mutations

Your flesh is heat resistant. (rF+)
Your movements are slightly less encumbered by armour. (ER -2)


Message History

Press: ? - help, Shift-Dir - straight line You hear a mighty clap of thunder!
The bolt of lightning hits the orc priest.
The orc priest is heavily wounded.
The bolt of lightning hits the orc priest.
The orc priest is severely wounded.
Evoking this partially-identified wand wasted a few charges.
You hear a shout! x3; You hear an angry hiss.
You hear a shout! x2
The orc priest hits you.
* * * LOW HITPOINT WARNING * * *
Your shield and scale mail prevent you from hitting the orc priest.
The orc priest is severely wounded.
The orc priest barely misses you.
Evoke which item? (* to show all) (? for menu, Esc to quit)
Aiming: Lightning Bolt (will waste charges)
Press: ? - help, Shift-Dir - straight line Nothing appears to happen.
The orc priest calls down the wrath of Beogh upon you.
Pain shoots through your body!
You die...

### ..# #.# #.# #.# #.
#########.# # ##.
#...(...#.#.##### ..
#.#.....รท........
###.####.#...#@###.#####
#...#......#)o.# ..
#..o#.[[..#.#.#. ## #
#....((.........K
###.##.((###.#####..#h
#....(....##.# ..#
######....##.# ...
#....##.# ### #....##..


You could see an orc priest.

Vanquished Creatures
  Ijyb (D:2)
  An adder (D:2)
  An ooze (D:3)
  3 dart slugs
  A leopard gecko (D:1)
  3 orcs (D:3)
  3 bats
  A giant cockroach (D:1)
  3 goblins
  5 hobgoblins
  3 jackals (D:3)
  2 quokkas
  5 frilled lizards
  4 kobolds
  8 rats
44 creatures vanquished.

Notes
Turn   | Place    | Note
-------+----------+-------------------------------------------
     0 | D:1      | Klosterheim the Demonspawn Fighter began the quest for the Orb.
     0 | D:1      | Reached XP level 1. HP: 18/18 MP: 1/1
   387 | D:1      | Gained mutation: Your flesh is heat resistant. (rF+) [demonic ancestry]
   387 | D:1      | Reached XP level 2. HP: 24/24 MP: 2/2
   904 | D:2      | Found a burning altar of Makhleb.
   944 | D:2      | Became a worshipper of Makhleb the Destroyer
  1119 | D:2      | Gained mutation: Your movements are slightly less encumbered by armour. (ER -2) [demonic ancestry]
  1119 | D:2      | Reached XP level 3. HP: 29/29 MP: 3/3
  1136 | D:2      | Noticed Ijyb
  1152 | D:2      | Killed Ijyb
  1376 | D:2      | Reached XP level 4. HP: 27/37 MP: 4/4
  1412 | D:2      | Found a faded altar of an unknown god.
  2068 | D:3      | Killed from afar by an orc priest

Vault maps used:
D:1:      denvon_arrival_planthouse, roderic_malta_cross, minmay_pentomino_p4
D:2:      lemuel_round_altar, chequers_ecumenical_altar_island, first_bread,
          uniq_iyjb
D:3:      lemuel_coloured_pillars_altar, marbit_many_paths, minitemple

Skill      XL: |  1  2  3 |
---------------+----------+-----
Axes           | 2 3 |  3.6
Fighting       | |  3.8
Armour         | |  2.6
Shields        | |  2.6

Action                   |  1- 3 |  4- 6 || total
-------------------------+-------+-------++-------
Melee: War axe           |   105 |    45 ||   150
Evoke: Wand              |     1 |     2 ||     3
  Eat: Chunk             |     2 |     2 ||     4
Armor: Scale mail        |    63 |    12 ||    75
Dodge: Dodged            |    28 |    15 ||    43
Block: Shield            |    57 |    26 ||    83
